 Dungeon Crawl Stone Soup version 0.29.1-15-g9cfb28693d (webtiles) character file.

Game seed: 746521079247713871

42 LustLizard the Shield-Bearer (level 3, -1/36 HPs)
             Began as a Troll Fighter on Mar 31, 2023.
             Slain by a gnoll
             ... wielding a +0 whip
              (8 damage)
             ... on level 2 of the Dungeon.
             The game lasted 00:01:29 (749 turns).

LustLizard the Shield-Bearer (Troll Fighter)         Turns: 749, Time: 00:01:30

Health: -1/36      AC:  4    Str: 24    XL:     3   Next: 33%
Magic:  2/2        EV:  8    Int:  6    God:
Gold:   128        SH:  7    Dex:  9    Spells: 2/2 levels left

rFire   + . .      SeeInvis .     - Unarmed
rCold   . . .      Faith    .   b - +0 kite shield
rNeg    . . .      Spirit   .   a - +0 robe
rPois   .          Reflect  .   (helmet restricted)
rElec   .          Harm     .   (no cloak)
rCorr   .          Rampage  .   (gloves unavailable)
Will    .....                   (boots unavailable)
Stlth   +.........              (no amulet)
HPRegen 0.92/turn               f - ring of protection from fire
MPRegen 0.08/turn               (no ring)

@: no status effects
A: large, unfitting armour, claws 3, regeneration 1, shaggy fur 1, tough skin 1
a: no special abilities


You were on level 2 of the Dungeon.
You visited 1 branch of the dungeon, and saw 2 of its levels.

You collected 128 gold pieces.

Inventory:

Missiles
 q - 4 poisoned darts (quivered)
Armour
 a - a +0 robe (worn)
 b - a +0 kite shield (worn)
Jewellery
 f - a ring of protection from fire (left claw)
Scrolls
 d - 2 scrolls of noise {unknown}
 h - a scroll of identify {unknown}
 j - a scroll of vulnerability {unknown}
 k - a scroll of poison {unknown}
 l - a scroll of enchant armour {unknown}
 n - a scroll of brand weapon {unknown}
 o - a scroll of magic mapping {unknown}
 p - a scroll of fear {unknown}
Potions
 c - a potion of might
 e - a potion of invisibility {unknown}
 g - a potion of resistance {unknown}
 i - a potion of heal wounds {unknown}
 m - a potion of ambrosia {unknown}


   Skills:
 + Level 2.8 Fighting
 - Level 2.4 Dodging
 + Level 3.0 Shields
 * Level 3.0 Unarmed Combat


You had 2 spell levels left.
You didn't know any spells.
Your spell library was empty.

Dungeon Overview and Level Annotations

Branches:
Dungeon (2/15)

Altars:
Xom


Innate Abilities, Weirdness & Mutations

You are too large for most types of armour.
You have claws for hands.
Your natural rate of healing is unusually fast.
You are covered in fur. (AC +1)
You have tough skin. (AC +1)


Message History

The gnoll is almost dead.
The gnoll hits you with a +0 flail.
You completely miss the gnoll.
The gnoll is almost dead.
The gnoll hits you with a +0 flail!
You scratch the gnoll.
You kill the gnoll!
Your Unarmed Combat skill increases to level 3!
No target in view!
No target in view!
HP restored.
You see here a +0 flail. 2 gnolls come into view.
A gnoll is wielding a +1 flail of holy wrath.
The gnoll shouts! x2
Things that are here:
a +0 short sword; 3 stones; a kobold corpse You barely miss the gnoll.
The gnoll barely misses you.
You barely miss the gnoll. The gnoll barely misses you.
The gnoll hits you with a +1 flail of holy wrath.
You barely miss the gnoll. The gnoll hits you with a +0 whip.
The gnoll hits you with a +1 flail of holy wrath!
You barely miss the gnoll. You block the gnoll's attack.
The gnoll hits you with a +1 flail of holy wrath!
You scratch the gnoll but do no damage. The gnoll hits you with a +0 whip.
You block the gnoll's attack.
You closely miss the gnoll. You block the gnoll's attack.
The gnoll hits you with a +1 flail of holy wrath.
You closely miss the gnoll. The gnoll barely misses you.
You block the gnoll's attack.
You claw the gnoll!
The gnoll is severely wounded.
The gnoll closely misses you.
The gnoll hits you with a +1 flail of holy wrath!
* * * LOW HITPOINT WARNING * * *
You claw the gnoll!
You kill the gnoll!
The gnoll hits you with a +0 whip!
You die...

....#..#........###...#####
##.#...#.#...######...##
#.###..#.#...# #......# .##
##.......# #.#....#
#.###.......## #.#...(#
.#.#.###.########.##.#.#
.........#.....##.##.#.#
.#########.....##)##.#.##
<.## #....)g@.......# ...##
#....(##..#.##....# ....#
#...).##...... .#.# ....#
###.####.##.##.... ..[.#
.... #.##.# #### _...#
#...... ..##.# ....#
#..#.#g#...... ...##
#..#...#.###.# ####
#..##..#


You could see a gnoll.

Vanquished Creatures
  2 gnolls (D:2)
  An adder (D:2)
  An endoplasm (D:1)
  2 giant cockroaches (D:1)
  A hobgoblin (D:1)
  7 jackals
  2 ball pythons
  2 bats (D:2)
  A frilled lizard (D:1)
  3 kobolds
  A rat (D:1)
23 creatures vanquished.

Vanquished Creatures (others)
  5 fungi (D:1)
  2 plants (D:1)
7 creatures vanquished.

Grand Total: 30 creatures vanquished

Notes
Turn   | Place    | Note
-------+----------+-------------------------------------------
     0 | D:1      | LustLizard the Troll Fighter began the quest for the Orb.
     0 | D:1      | Reached XP level 1. HP: 22/22 MP: 0/0
    62 | D:1      | Found a faded altar of an unknown god.
   184 | D:1      | Reached XP level 2. HP: 29/29 MP: 1/1
   522 | D:2      | Found a shimmering altar of Xom.
   608 | D:2      | Reached XP level 3. HP: 36/36 MP: 2/2
   749 | D:2      | Slain by a gnoll

Illustrated notes

Levels and vault maps discovered:
D:1:      mainiacjoe_arrival_reflecting_pool, layout_rooms,
          shapermc_ecumenical_altar_gd
D:2:      layout_loops_cross, basic_altar, dreamdust_princess_bridge,
          minmay_misc_feat_rows

Skill      XL: |  1  2  3 |
---------------+----------+-----
Shields        | 3 |  3.0
Unarmed Combat | 3 |  3.0
Fighting       | |  2.8
Dodging        | |  2.4

Action                   || total
-------------------------++-------
Melee: Unarmed           ||    67
Armor: Robe              ||    14
Dodge: Dodged            ||    21
Block: Kite shield       ||    24
